 Dungeon Crawl Stone Soup version 0.29-a0-717-g6dac4ea423 (webtiles) character file.

Game seed: 1579622443012132084

9266 crusatyr the Carver (level 11, -7/75 HPs)
             Began as a Demonspawn Monk on June 27, 2022.
             Was an Elder of Nemelex Xobeh.
             Mangled by a wyvern (12 damage)
             ... on level 9 of the Dungeon.
             The game lasted 00:32:33 (9930 turns).

crusatyr the Carver (Demonspawn Monk)               Turns: 9930, Time: 00:32:34

Health: -7/75      AC: 12    Str: 16    XL:     11   Next: 20%
Magic:  18/18      EV: 15    Int: 13    God:    Nemelex Xobeh [****..]
Gold:   547        SH:  8    Dex: 21    Spells: 10/10 levels left

rFire   . . .      SeeInvis .   L - +8 long sword "Agurog" {freeze, rC- Dex+5}
rCold   x . .      Faith    .   j - +2 buckler
rNeg    . . .      Spirit   .   P - +3 ring mail
rPois   .          Reflect  .   (helmet restricted)
rElec   .          Harm     .   J - +0 cloak
rCorr   .          Rampage  .   (no gloves)
Will    +....                   t - +0 pair of boots
Stlth   ++........              q - amulet of regeneration
HPRegen 1.02/turn               h - +4 ring of evasion
MPRegen 0.16/turn               g - ring of willpower

@: mighty, about to teleport
A: horns 2, powered by pain 1, spiny 2, big brain 1
a: Renounce Religion, Draw Escape, Draw Destruction, Draw Summoning, Triple
Draw, Deal Four


You were on level 9 of the Dungeon.
You worshipped Nemelex Xobeh.
Nemelex Xobeh was greatly pleased with you.
You visited 2 branches of the dungeon, and saw 11 of its levels.
You also visited: Sewer and Ossuary.

You collected 547 gold pieces.

Inventory:

Hand Weapons
 L - the +8 long sword "Agurog" (weapon) {freeze, rC- Dex+5}
   (You found it on level 5 of the Dungeon)

   It freezes those it strikes, dealing additional cold damage.
   It can also slow down cold-blooded creatures.
   Dex:       It affects your dexterity (+5).
   rC:        It makes you vulnerable to cold.
 N - a +4 demon blade of venom
Missiles
 z - 4 silver boomerangs
 A - 21 poisoned darts (quivered)
 I - 3 throwing nets
Armour
 j - a +2 buckler (worn)
 t - a +0 pair of boots (worn)
 J - a +0 cloak (worn)
 K - a +0 plate armour
 P - a +3 ring mail (worn)
 Q - a +0 tower shield
Jewellery
 g - a ring of willpower (right hand)
 h - a +4 ring of evasion (left hand)
 q - an amulet of regeneration (around neck)
 x - a +4 ring of protection
 y - a +4 ring of evasion
 O - a +4 ring of protection
 S - an amulet of the acrobat
 U - a ring of resist corrosion
Wands
 p - a wand of paralysis (28)
 r - a wand of flame (17)
 G - a wand of mindburst (9)
Scrolls
 a - a scroll of vulnerability
 e - 5 scrolls of amnesia
 k - a scroll of enchant weapon
 l - a scroll of enchant armour {unknown}
 m - 2 scrolls of teleportation
 n - 4 scrolls of identify
 v - a scroll of acquirement {unknown}
 w - a scroll of brand weapon
 B - 4 scrolls of noise
 E - 2 scrolls of immolation
 F - 3 scrolls of magic mapping
 R - a scroll of poison
 V - a scroll of silence
Potions
 b - 7 potions of curing
 c - 4 potions of ambrosia
 d - 7 potions of heal wounds
 f - 4 potions of attraction
 i - 2 potions of resistance
 o - 4 potions of might
 s - 4 potions of haste
 u - a potion of berserk rage
 C - 3 potions of invisibility
 D - 4 potions of brilliance
 M - 2 potions of degeneration
 Y - a potion of mutation
 Z - 2 potions of flight
Miscellaneous
 W - a phial of floods


   Skills:
 - Level 3.0 Fighting
 * Level 11.9 Long Blades
 + Level 7.0 Armour
 - Level 2.6 Dodging
 - Level 1.7 Stealth
 - Level 5.0 Shields
 + Level 10.0 Invocations


You had 10 spell levels left.
You didn't know any spells.
Your spell library contained the following spells:

 Spells                   Type           Power      Damage    Failure   Level
 Shock                    Conj/Air       0%         1d3       56%         1
 Blink                    Tloc           0%         N/A       71%         2
 Dazzling Flash           Conj/Hex       0%         N/A       91%         3
 Lesser Beckoning         Tloc           0%         N/A       91%         3
 Swiftness                Air            0%         N/A       91%         3
 Airstrike                Air            0%         N/A       100%        4
 Iskenderun's Mystic Bla  Conj/Tloc      0%         2d3       100%        4
 Freezing Cloud           Conj/Ice/Air   0%         6-21      100%        5
 Manifold Assault         Tloc           0%         N/A       100%        5
 Simulacrum               Ice/Necr       0%         N/A       100%        6
 Starburst                Conj/Fire      0%         6d3       100%        6
 Ozocubu's Refrigeration  Ice            0%         4d5       100%        7


Dungeon Overview and Level Annotations

Branches:
Dungeon (10/15)            Temple (1/1) D:4            Lair (0/6) D:9
  Sewer (visited)         Ossuary (visited)
    Orc: D:9-12

Altars:
Ashenzari
Cheibriados
Dithmenos
Elyvilon
Fedhas
Gozag
Hepliaklqana
Kikubaaqudgha
Makhleb
Nemelex Xobeh
Okawaru
Qazlal
Ru
Sif Muna
Trog
Uskayaw
Vehumet
Wu Jian
Xom
Yredelemnul
Zin
The Shining One

Shops:
D:2 =   D:6 (

Annotations:
D:2 Sigmund


Innate Abilities, Weirdness & Mutations

You have a pair of horns on your head.
You sometimes gain a little power by taking damage.
You are mostly covered in sharp spines.
You have an unusually large brain. (Int +2)


Message History

The vampire closely misses you. The vampire bites you!
The vampire draws strength from your injuries!
There is a stone staircase leading up, spattered with blood here.
The wyvern completely misses you.
The wyvern bites you but does no damage.
The vampire hits you!
You focus on the pain.
You feel very mighty all of a sudden. The vampire bites you.
The vampire draws strength from your injuries!
The kobold brigand is struck by your spines.
The kobold brigand hits you but does no damage.
You climb upwards.
There is a stone staircase leading down here.
You draw a card...
You have drawn Exile.
The yak is devoured by a tear in reality.
The two-headed ogre is struck by your spines.
The two-headed ogre closely misses you.
The two-headed ogre hits you with a +0 giant spiked club!
* * * LOW HITPOINT WARNING * * *
The kobold brigand is struck by your spines.
The kobold brigand hits you with a +0 whip.
* * * LOW HITPOINT WARNING * * *
You block the vampire's attack. x2
Your Armour skill increases to level 7!
Blink to where?
Press: ? - help, Dir - move target
As you read the scroll of blinking, it crumbles to dust.
As you read the scroll of fog, it crumbles to dust.
The scroll dissolves into smoke.
You block the wyvern's attack. The wyvern is struck by your spines.
The wyvern closely misses you. The wyvern attacks as you move away!
The wyvern is struck by your spines. The wyvern bites you!
* * * LOW HITPOINT WARNING * * *
As you read the scroll of teleportation, it crumbles to dust.
You feel strangely unstable. The wyvern is struck by your spines.
The wyvern bites you.
* * * LOW HITPOINT WARNING * * *
The wyvern bites you!
You die...
Your body glows with a rainbow of weird colours and disappears.

#.#.# #.# #...### ##.##
#.######.## ##.##
#.##V§§..# ###...##
#)##O##### ....#..#
####.##[# ###....#
#....##§# ##.#.#
#.#####§#
#.#.######§#####§#
#.#.##....§.§@lK§#
#.#.##.###.#############
#.#.##.# #.# #.........#
#....#.# #.# #.#######.#
#....#.# #.# #.# #.#
####....#.###.###.# #.#
..........[..#..#.# #.#
.#####.##.###.#.#.#
#####.#######
.#####....###.#.#.#
#............


You could see a wyvern and a kobold brigand.

Vanquished Creatures
  A two-headed ogre (D:9)
  A cyclops (D:9)
  Psyche (D:9)
  2 hornets
  2 trolls
  2 vampires (D:10)
  A shadow (D:10)
  11 yaks (D:10)
  A steam dragon (D:8)
  3 vampire mosquitoes (D:10)
  A water moccasin (D:8)
  2 orc warriors
  An ice beast (D:6)
  3 sky beasts
  An ogre (D:5)
  8 centaurs
  3 phantoms
  2 gnoll sergeants
  2 necrophages (D:5)
  4 bullfrogs
  2 water moccasin zombies (Ossuary)
  3 scorpions
  4 wights (D:7)
  5 killer bees (D:8)
  An electric eel (D:8)
  5 howler monkeys
  5 hounds
  A jelly (D:8)
  3 gnoll shamans
  6 orc priests
  Jessica (D:3)
  5 iguanas
  10 orc wizards
  Natasha (thrice) (D:3)
  A hell rat (Sewer)
  2 mummies (Ossuary)
  24 gnolls
  9 adders
  3 river rats (Sewer)
  A shadow imp (D:6)
  2 white imps
  6 adder zombies (Ossuary)
  3 worms
  3 dart slugs
  45 orcs
  8 ball pythons
  6 endoplasms
  4 giant cockroaches
  5 gnoll zombies (Ossuary)
  6 goblins
  10 hobgoblins
  13 jackals
  5 quokkas
  6 bats
  3 frilled lizards
  5 hobgoblin zombies (Ossuary)
  9 kobolds
  5 kobold zombies (Ossuary)
  5 orc zombies (Ossuary)
  5 rats
300 creatures vanquished.

Vanquished Creatures (others)
  A fungus (D:4)
1 creature vanquished.

Grand Total: 301 creatures vanquished

Notes
Turn   | Place    | Note
-------+----------+-------------------------------------------
     0 | D:1      | crusatyr the Demonspawn Monk began the quest for the Orb.
     0 | D:1      | Reached XP level 1. HP: 18/18 MP: 1/1
   149 | D:1      | Reached skill level 3 in Long Blades
   572 | D:1      | Gained mutation: You have an unusually large brain. (Int
                  | +2) [demonic ancestry]
   572 | D:1      | Reached XP level 2. HP: 22/24 MP: 2/2
  1466 | D:2      | Gained mutation: You have a pair of small horns on your
                  | head. [demonic ancestry]
  1466 | D:2      | Reached XP level 3. HP: 29/29 MP: 3/3
  1629 | D:2      | Reached skill level 1 in Shields
  1668 | D:2      | Reached skill level 4 in Long Blades
  1825 | D:2      | Noticed Sigmund
  2098 | D:2      | Found Eshual's Jewellery Shoppe.
  2120 | D:2      | Gained mutation: You are partially covered in sharp spines.
                  | [demonic ancestry]
  2120 | D:2      | Reached XP level 4. HP: 35/35 MP: 4/4
  2375 | D:3      | Found a glowing drain.
  2389 | Sewer    | Entered a sewer
  2428 | Sewer    | Reached XP level 5. HP: 41/41 MP: 5/5
  2537 | D:3      | Noticed Jessica
  2557 | D:3      | Killed Jessica
  2633 | D:3      | Found a burning altar of Makhleb.
  2650 | D:3      | Reached skill level 5 in Long Blades
  2920 | D:3      | Noticed Natasha
  2925 | D:3      | Killed Natasha
  3260 | D:3      | Noticed Natasha
  3270 | D:3      | Killed Natasha
  3678 | D:3      | Noticed Natasha
  3684 | D:3      | Killed Natasha
  3685 | D:3      | Reached XP level 6. HP: 47/47 MP: 6/6
  3731 | D:4      | Found a staircase to the Ecumenical Temple.
  3743 | D:4      | Found a sand-covered staircase.
  3748 | Ossuary  | Entered an ossuary
  3794 | Ossuary  | Reached skill level 6 in Long Blades
  3881 | Ossuary  | Gained mutation: You sometimes gain a little power by
                  | taking damage. [demonic ancestry]
  3881 | Ossuary  | Reached XP level 7. HP: 52/52 MP: 7/7
  4007 | Temple   | Entered the Ecumenical Temple
  4090 | Temple   | Became a worshipper of Nemelex Xobeh the Trickster
  4090 | Temple   | Reached * piety under Nemelex Xobeh
  4090 | Temple   | Received a gift from Nemelex Xobeh
  4090 | Temple   | Reached ** piety under Nemelex Xobeh
  4309 | D:4      | Reached skill level 1 in Invocations
  4424 | D:4      | Reached skill level 1 in Armour
  4607 | D:4      | Reached skill level 7 in Long Blades
  4779 | D:4      | Reached XP level 8. HP: 32/58 MP: 10/10
  5344 | D:5      | Entered Level 5 of the Dungeon
  5391 | D:5      | Identified the +8 long sword "Agurog" {freeze, rC- Dex+5}
  5456 | D:5      | Found a hide-covered altar of Uskayaw.
  5480 | D:5      | Reached skill level 8 in Long Blades
  5556 | D:5      | Reached skill level 5 in Shields
  5587 | D:5      | Reached skill level 5 in Invocations
  5587 | D:5      | Gained mutation: You have a pair of horns on your head.
                  | [demonic ancestry]
  5587 | D:5      | Reached XP level 9. HP: 63/63 MP: 12/12
  5909 | D:6      | Received a gift from Nemelex Xobeh
  5954 | D:6      | Found a shimmering altar of Xom.
  5978 | D:6      | Reached *** piety under Nemelex Xobeh
  6256 | D:6      | Paralysed by a hornet for 1 turns
  6407 | D:6      | Found a snail-covered altar of Cheibriados.
  6407 | D:6      | Found a basalt altar of Yredelemnul.
  6410 | D:6      | Found an ancient bone altar of Kikubaaqudgha.
  6424 | D:6      | Found Ugops's Firing Range.
  6505 | D:6      | Reached skill level 9 in Long Blades
  7770 | D:8      | Found a stormy altar of Qazlal.
  7811 | D:8      | Reached skill level 5 in Armour
  7944 | D:8      | Reached skill level 10 in Long Blades
  7954 | D:8      | Gained mutation: You are mostly covered in sharp spines.
                  | [demonic ancestry]
  7954 | D:8      | Reached XP level 10. HP: 70/70 MP: 15/15
  8297 | D:9      | Identified the +9 mace of the Illusory Xeniums {vorpal, rC-
                  | rN+ Will+ Int+3}
  8303 | D:9      | Noticed a two-headed ogre
  8305 | D:9      | Killed a two-headed ogre
  8367 | D:9      | Got the Volume of Cold
  8432 | D:9      | Noticed a centaur warrior
  8435 | D:9      | Noticed a cyclops
  8435 | D:9      | a centaur warrior changed into a cyclops
  8470 | D:9      | Killed a cyclops
  8591 | D:9      | Reached **** piety under Nemelex Xobeh
  8639 | D:9      | Received a gift from Nemelex Xobeh
  8762 | D:9      | Found a staircase to the Lair.
  9210 | D:9      | Reached skill level 11 in Long Blades
  9312 | D:10     | Entered Level 10 of the Dungeon
  9312 | D:10     | Noticed a two-headed ogre
  9312 | D:10     | Noticed Psyche
  9320 | D:9      | Killed Psyche
  9391 | D:10     | Received a gift from Nemelex Xobeh
  9654 | D:10     | Reached XP level 11. HP: 73/75 MP: 18/18
  9778 | D:10     | Reached skill level 10 in Invocations
  9930 | D:9      | Mangled by a wyvern

Illustrated notes

Levels and vault maps discovered:
D:1:      erik_arrival_orb_chamber, layout_basic
D:2:      layout_basic, serial_shops, shop_fountains, uniq_sigmund
D:3:      layout_loops_ring, lemuel_doored_altar, portal_sewer_entry_d,
          uniq_natasha, uniq_crazy_yiuf_cottage, uniq_jessica
D:4:      lemuel_castle_with_subvaults [lemuel_castle_interior_carwin_3],
          layout_rooms, minmay_temple_entry_large_hall, enter_ossuary_5,
          grunt_ministairs_8, eino_small_chamber_without_monster,
          grunt_decor_resistance
D:5:      layout_rooms, mainiacjoe_overflow_chevrons
D:6:      layout_basic, grunt_temple_overflow_open, overflow_temple_1_default,
          nicolae_shop_firing_range
D:7:      layout_layer_cave
D:8:      layout_rooms, mainiacjoe_overflow_small_starburst,
          kennysheep_generic_room_16
D:9:      layout_loops_ring, lair_entry_dummy, skrybe_limestone_x,
          kennysheep_cluttered_room, minivault_10, supply_closet_lemuel
D:10:     layout_roguey, nicolae_fountain_basement, uniq_psyche
Temple:   regret_index_temple_waves

Skill      XL: |  1  2  3  4  5  6  7  8  9 10 11 |
---------------+----------------------------------+-----
Long Blades    | 3 4 5 6 7 8 10 11 | 11.9
Shields        | 1 2 3 4 5 |  5.0
Invocations    | 2 5 7 9 10 | 10.0
Armour         | 1 3 5 6 7 |  7.0
Fighting       | |  3.0
Dodging        | |  2.6
Stealth        | |  1.7

Action                   |  1- 3 |  4- 6 |  7- 9 | 10-12 || total
-------------------------+-------+-------+-------+-------++-------
Melee: Falchion          |   129 |   162 |   243 |       ||   534
       Headbutt          |     6 |    30 |    79 |    33 ||   148
       Long sword        |       |       |   133 |   145 ||   278
Throw: Dart              |       |       |       |     9 ||     9
Invok: Draw Destruction  |       |       |     3 |     4 ||     7
       Draw Escape       |       |       |     1 |     3 ||     4
Evoke: Wand              |       |       |     2 |       ||     2
  Use: Scroll            |       |     6 |    11 |    12 ||    29
 Stab: Sleeping          |     6 |     1 |       |       ||     7
Armor: Ring mail         |    20 |    26 |    70 |    37 ||   153
       Robe              |     4 |       |       |       ||     4
Dodge: Dodged            |    85 |    75 |   196 |    77 ||   433
Block: Buckler           |    26 |    39 |   120 |    53 ||   238

Table legend: (Time is in decaauts)
 A = Elapsed time spent in this place.
 B = Non-inter-level travel time spent in this place.
 C = Inter-level travel time spent in this place.
 D = Time resting spent in this place.
 E = Time spent auto-exploring this place.
 F = Levels seen in this place.
 G = Mean time per level.
                   A        B        C        D        E       F      G
               +--------+--------+--------+--------+--------+-----+--------+
         Total |   9980 |   9321 |    659 |    166 |   5972 |  13 |  767.7 |
       Dungeon |   9460 |   8873 |    587 |    166 |   5934 |  10 |  946.0 |
        Temple |    156 |     84 |     72 |      0 |      0 |   1 |  156.0 |
         Sewer |    122 |    122 |      0 |      0 |     38 |   1 |  122.0 |
       Ossuary |    240 |    240 |      0 |      0 |      0 |   1 |  240.0 |
               +--------+--------+--------+--------+--------+-----+--------+

Top non-repeatable levels by time:
     D:1: 1473 daAuts
     D:3: 1369 daAuts
     D:4: 1279 daAuts
     D:7: 1131 daAuts
     D:9: 1086 daAuts
     D:2: 800 daAuts
     D:6: 767 daAuts
    D:10: 545 daAuts
     D:8: 517 daAuts
     D:5: 490 daAuts
 Ossuary: 240 daAuts
  Temple: 156 daAuts
   Sewer: 122 daAuts
